 Dungeon Crawl Stone Soup version 0.23.0 (webtiles) character file.

Game seed: 11706500058145691519

3 LostNumber the Insei (level 1, 0/15 HPs)
             Began as a Demonspawn Transmuter on Feb 11, 2019.
             Slain by a goblin (3 damage)
             ... on level 1 of the Dungeon.
             The game lasted 00:00:25 (59 turns).

LostNumber the Insei (Demonspawn Transmuter)          Turns: 59, Time: 00:00:26

Health: 0/15       AC:  2    Str: 10    XL:     1   Next: 41%
Magic:  2/3        EV: 12    Int: 14    God:
Gold:   0          SH:  0    Dex: 13    Spells: 3/4 levels left

rFire    . . .     SeeInvis .     - Unarmed
rCold    . . .     Gourm    .   (no shield)
rNeg     . . .     Faith    .   b - +0 robe
rPois    .         Spirit   .   (no helmet)
rElec    .         Reflect  .   (no cloak)
rCorr    .         Harm     .   (no gloves)
MR       .....                  (no boots)
Stlth    +.........             (no amulet)
HPRegen  0.05/turn              (no ring)
MPRegen  0.08/turn              (no ring)

@: very slightly contaminated
A: no striking features
a: no special abilities


You were on level 1 of the Dungeon.
You were not hungry.

You visited 1 branch of the dungeon, and saw 1 of its levels.

Inventory:

Missiles
 a - 12 arrows
Armour
 b - a +0 robe (worn)
Comestibles
 c - 2 chunks of flesh
 e - a ration {!d}


   Skills:
 + Level 1.0 Fighting
 + Level 1.8 Dodging
 * Level 2.7 Unarmed Combat
 + Level 2.0 Spellcasting
 + Level 1.8 Transmutations


You had 3 spell levels left.
You knew the following spells:

 Your Spells              Type           Power        Failure   Level  Hunger
a - Beastly Appendage     Tmut           #.....       11%         1    ##.....

Your spell library contained the following spells:

 Spells                   Type           Power        Failure   Level  Hunger
 Sticks to Snakes         Tmut           #.......     17%         2    ###....
 Spider Form              Tmut/Pois      #.........   43%         3    ####...
 Ice Form                 Ice/Tmut       #.......     85%         4    #####..
 Blade Hands              Tmut           #.........   97%         5    ######.


Dungeon Overview and Level Annotations

Branches:
Dungeon (1/15)

Altars:


Message History

You hit the giant cockroach but do no damage.
The giant cockroach bites you.
You hit the giant cockroach but do no damage.
The giant cockroach misses you.
You closely miss the giant cockroach. The giant cockroach closely misses you.
You closely miss the giant cockroach. You claw the giant cockroach.
You kill the giant cockroach!
No target in view!
No target in view!
No target in view!
No target in view!
No target in view!
You butcher the giant cockroach corpse.
c - a chunk of flesh
There is an open door here. x2
Your talons disappear.
A bat comes into view.
A bat is nearby!
A bat is nearby!
A bat is nearby!
The bat closely misses you.
You hit the bat.
You kill the bat!
No target in view!
No target in view!
No target in view!
You butcher the bat corpse.
c - 2 chunks of flesh (gained 1)
You see here a bat skeleton. x2
Found 29 stones.
You see here 29 stones.
A goblin comes into view.
The goblin shouts!
You hear a shout! x2
A goblin is nearby! 2 hobgoblins come into view.
The hobgoblin shouts! x2; You hear a shout!
The hobgoblin closely misses you.
There are monsters nearby!
There are monsters nearby!
You hit the hobgoblin but do no damage. The hobgoblin hits you.
A goblin comes into view.
The hobgoblin hits you with a +0 club.
* * * LOW HITPOINT WARNING * * *
You miscast Beastly Appendage.
You are very lightly contaminated with residual magic.
The air around you crackles with energy!
The goblin hits you.
* * * LOW HITPOINT WARNING * * *
You hit the goblin. The goblin hits you.
You die...

♣≈≈≈ ######## #♣≈≈≈.
#......# ≈≈.≈≈ #......#
≈88≈≈## ##......#
≈≈≈8≈.#####
........######≈≈.≈≈.....♣
....g..ggg@..#♣≈≈≈......♣#
...#########.# ≈≈≈###'#..#
. #.# #<#.#..# #(#
#'#.#..## #.## #...#♣...
#..## #....#♣...
##..###..<.#♣...
##..#######♣♣÷.
##.#########..


You could see 2 hobgoblins and 2 goblins.

Vanquished Creatures
  A bat (D:1)
  A giant cockroach (D:1)
  A rat (D:1)
3 creatures vanquished.

Notes
Turn   | Place    | Note
-------+----------+-------------------------------------------
     0 | D:1      | LostNumber the Demonspawn Transmuter began the quest for
                  | the Orb.
     0 | D:1      | Reached XP level 1. HP: 15/15 MP: 3/3
    59 | D:1      | Slain by a goblin

Action                   || total
-------------------------++-------
Melee: Unarmed           ||    14
       Kick              ||     3
 Cast: Beastly Appendage ||     1
Armor: Robe              ||     1
Dodge: Dodged            ||     7
